 Dungeon Crawl Stone Soup version 0.30-a0-134-gb40fab5c76 (webtiles) character file.

Game seed: 4639100387306282255

534 ytrimaz the Trooper (level 7, -4/59 HPs)
             Began as a Demonspawn Gladiator on Sept 19, 2022.
             Slain by an ogre
             ... wielding a +0 giant club
              (15 damage)
             ... on level 4 of the Dungeon.
             The game lasted 00:04:42 (4300 turns).

ytrimaz the Trooper (Demonspawn Gladiator)          Turns: 4300, Time: 00:04:42

Health: -4/59      AC:  6    Str: 16      XL:     7   Next: 4%
Magic:  7/7        EV: 12    Int: 10      God:
Gold:   112        SH:  0    Dex: 19 (20) Spells: 6/6 levels left

rFire   . . .      SeeInvis .    a - +1 war axe
rCold   . . .      Faith    .    (no shield)
rNeg    . . .      Spirit   .    v - +0 ring mail
rPois   .          Reflect  .    c - +0 helmet
rElec   .          Harm     .    (no cloak)
rCorr   .          Rampage  .    (no gloves)
Will    +....                    (no boots)
Stlth   +.........               (no amulet)
HPRegen 0.19/turn                p - ring of willpower
MPRegen 0.10/turn                n - +6 ring of dexterity

@: studying Axes
A: powered by death 1, sturdy frame 1, weakness stinger 1
a: no special abilities


You were on level 4 of the Dungeon.
You visited 2 branches of the dungeon, and saw 5 of its levels.

You collected 112 gold pieces.


Innate Abilities, Weirdness & Mutations

You regenerate a little health from kills.
Your movements are slightly less encumbered by armour. (ER -2)
You have a small tail.


   Skills:
 * Level 6.4 Fighting
 + Level 4.8 Axes
 - Level 1.7 Throwing
 - Level 2.6 Dodging


You had 6 spell levels left.
You didn't know any spells.
Your spell library contained the following spells:

 Spells                   Type           Power      Damage    Failure   Level
 Foxfire                  Conj/Fire      0%         2x1d4     45%         1
 Inner Flame              Hex/Fire       0%         N/A       83%         3
 Kindle Blastsparks       Fire/Tloc/Air  0%         2d10      83%         3
 Flame Wave               Conj/Fire      0%         2d4       99%         4

Inventory:

Hand Weapons
 a - a +1 war axe (weapon)
 k - a +0 hand axe
   (You found it on level 3 of the Dungeon)
Missiles
 d - 3 throwing nets (quivered)
 e - a javelin
Armour
 b - a +0 leather armour
 c - a +0 helmet (worn)
 v - a +0 ring mail (worn)
   (You found it on level 4 of the Dungeon)
Jewellery
 i - a ring of magical power
   (You found it on level 3 of the Dungeon)
 n - a +6 ring of dexterity (right hand)
   (You found it on level 3 of the Dungeon)
 p - a ring of willpower (left hand)
   (You found it on level 4 of the Dungeon)
Wands
 l - a wand of roots (7)
   (You found it on level 4 of the Dungeon)
Scrolls
 g - a scroll of identify
 o - a scroll of amnesia
 r - a scroll of enchant weapon
 s - a scroll of brand weapon
 t - a scroll of fear
Potions
 f - a potion of flight
 h - a potion of degeneration
 j - a potion of attraction

Dungeon Overview and Level Annotations

Branches:
Dungeon (4/15) Zot: 20012  Temple (1/1) D:4 Zot: 5641

Altars:
Ashenzari
Cheibriados
Dithmenos
Fedhas
Gozag
Hepliaklqana
Makhleb
Nemelex Xobeh
Okawaru
Qazlal
Sif Muna
Trog

....###.#........ ..#
.<........####### #.#
###...........# #.#
###.###.#####.# #.# ..#.# #.#
#.# #.# #.#.# #.#####.# #.#
#.#.###.......# #.#
#.#..##.#####.#####.#
#..............O@..<#
............#.#####.#
###..##........####.#########
#..##.....#........†......#
#............###...######.###
##.##.#...##................#
####.##.###.######.[.######...#
...#.##.# #.# #.......##.).#
##......# #.# #...###.##...#


You could see an ogre.


Message History

Things that are here:
a +2 vampiric short sword; a +0 leather armour You closely miss Natasha.
Natasha mewls in sadness.
Natasha claws you. 😕 HP[-3]
You take 3 damage, and now have 49/52 hp.
Unknown command.
You hit Natasha. Natasha casts a spell at you.
You resist with almost no effort.
You hit Natasha. You tail-slap Natasha. Natasha closely misses you. x2
Unknown command.
You miss Natasha.
Natasha misses you. 😕 HP[+1] Unknown command.
You hit Natasha.
You kill Natasha!
Natasha growls in agony! 😕 HP[+2]
You now have 53 max hp (+1).
You regained 2 hp, and now have 52/53 hp. 😎 HP[+1]
Your hp is fully restored (53).
Unknown command.
Key pressed, stopping explore.
Unknown command.
Key pressed, stopping explore.
You see here a +0 leather armour.
You see here a +0 dagger.
Key pressed, stopping explore.
Natasha, Servant of Life and Death comes into view.
Natasha hisses angrily.
Natasha casts a spell at you. The magic dart hits you. 😕 HP[-3]
You take 3 damage, and now have 50/53 hp.
Natasha casts a spell.
There is an escape hatch in the ceiling here. 😕 HP[+1] Natasha wildly gestures.
Natasha glows brightly for a moment.
Natasha closely misses you.
You barely miss Natasha. Natasha barely misses you.
You hit Natasha. You tail-slap Natasha. You hit the shadow imp.
Natasha howls an incantation.
You feel disoriented.
Natasha drinks a potion.
Natasha is healed!
The shadow imp hits you but does no damage. 😕 HP[+1]
You barely miss Natasha. You completely miss the shadow imp. Natasha claws you.
The shadow imp barely misses you. 😕 HP[-5]
You take 5 damage, and now have 47/53 hp.
You closely miss Natasha. You tail-slap Natasha.
You barely miss the shadow imp. Natasha claws you! The shadow imp misses you.
Natasha misses you.
The shadow imp closely misses you. 😮 HP[-8]
You take 8 damage, and now have 39/53 hp.
Unknown command.
You slash Natasha!
You kill Natasha!
You feel Natasha's spirit has finally been put to rest.
The shadow imp disappears in a puff of smoke!
You have reached level 7! 😮 HP[+5] MP[+1]
You now have 59 max hp (+6).
You regained 5 hp, and now have 44/59 hp.
Your mp is fully restored (7).
There is an escape hatch in the ceiling, spattered with blood here.
An ogre is nearby!
An ogre is nearby!
Unknown command. 😕 HP[+9]
You regained 9 hp, and now have 53/59 hp.
An ogre is nearby!
An ogre is nearby!
The ogre shouts!
Unknown command.
Unknown command.
You slash the ogre!
The ogre hits you with a +0 giant club!! 😮 HP[-22]
You take 22 damage, and now have 31/59 hp.
MASSIVE DAMAGE!! (PAUSE)
You barely miss the ogre.
The ogre hits you with a +0 giant club!!
* * * LOW HITPOINT WARNING * * *
😱 HP[-21]
You take 21 damage, and now have 10/59 hp.
MASSIVE DAMAGE!! (PAUSE)
You hit the ogre.
Unknown command.
You hit the ogre. The ogre barely misses you.
You barely miss the ogre. You tail-slap the ogre.
The ogre misses you. 😱 HP[+1] Unknown command.
You barely miss the ogre. The ogre hits you with a +0 giant club!
You die...

Skill      XL: |  1  2  3  4  5  6 |
---------------+-------------------+-----
Axes           | 3 4 |  4.8
Fighting       | 3 4 5 6 |  6.4
Throwing       | |  1.7
Dodging        | |  2.6

Action                   |  1- 3 |  4- 6 |  7- 9 || total
-------------------------+-------+-------+-------++-------
Melee: War axe           |   114 |    65 |     6 ||   185
       Punch             |     2 |       |       ||     2
       Hand axe          |    22 |       |       ||    22
       Tailslap          |       |     9 |     1 ||    10
  Use: Scroll            |    10 |     2 |       ||    12
       Potion            |       |     4 |       ||     4
 Stab: Sleeping          |     2 |     1 |       ||     3
Armor: Leather armour    |    70 |       |       ||    70
       Ring mail         |       |    36 |       ||    36
Dodge: Dodged            |   123 |    68 |     2 ||   193

Levels and vault maps discovered:
D:1:      minmay_arrival_nine_rooms, layout_rooms, minivault_4
D:2:      layout_basic, hellmonk_ecumenical_altar_pennies_from_heaven
D:3:      layout_basic, mainiacjoe_overflow_chevrons, hangedman_decor_growths,
          minmay_misc_feat_plants
D:4:      layout_loops_ring, gammafunk_temple_overflow_elements,
          minmay_temple_entry_trees, minmay_manual_monolith, uniq_natasha
Temple:   hellmonk_temple_of_storms

Notes
Turn   | Place    | Note
-------+----------+-------------------------------------------
     0 | D:1      | ytrimaz the Demonspawn Gladiator began the quest for the
                  | Orb.
     0 | D:1      | Reached XP level 1. HP: 16/16 MP: 1/1
     0 | D:1      | magus.rc [v1.9.6]
   383 | D:1      | Gained mutation: You regenerate a little health from kills.
                  | [demonic ancestry]
   383 | D:1      | Reached XP level 2. HP: 21/23 MP: 2/2
   655 | D:1      | Reached skill level 3 in Axes
   985 | D:2      | You pick up a book of Flames and begin reading...
   985 | D:2      | You add the spells Foxfire, Kindle Blastsparks, Inner Flame
                  | and Flame Wave to your library.
   993 | D:2      | Reached skill level 3 in Fighting
  1055 | D:2      | Reached XP level 3. HP: 27/29 MP: 3/3
  1106 | D:2      | Found a faded altar of an unknown god.
  1912 | D:3      | HP: 7/29 [poisoned by an adder]
  1916 | D:3      | HP: 3/29 [poisoned by an adder]
  1918 | D:3      | HP: 1/29 [poisoned by an adder]
  2323 | D:3      | Identified the +7 dagger of Kismet {venom, *Noise rPois
                  | Dex+3}
  2736 | D:3      | Found a shadowy altar of Dithmenos.
  2941 | D:4      | Reached XP level 4. HP: 30/37 MP: 4/4
  2945 | D:4      | Reached skill level 4 in Fighting
  3097 | D:4      | Noticed Natasha
  3107 | D:4      | Killed Natasha
  3172 | D:4      | Noticed a kobold brigand
  3189 | D:4      | HP: 7/37 [kobold brigand/+0 club (5)]
  3191 | D:4      | HP: 1/37 [kobold brigand/+0 club (5)]
  3192 | D:4      | Killed a kobold brigand
  3193 | D:4      | Gained mutation: You have a small tail. [demonic ancestry]
  3193 | D:4      | Reached XP level 5. HP: 2/43 MP: 5/5
  3426 | D:4      | Reached skill level 5 in Fighting
  3426 | D:4      | Reached skill level 4 in Axes
  3560 | D:4      | Noticed a wyvern
  3562 | D:4      | Noticed an ogre
  3564 | D:4      | Noticed a black bear
  3574 | D:4      | Killed a wyvern
  3575 | D:4      | Gained mutation: Your movements are slightly less
                  | encumbered by armour. (ER -2) [demonic ancestry]
  3575 | D:4      | Reached XP level 6. HP: 33/52 MP: 6/6
  3578 | D:4      | Noticed Natasha
  3602 | D:4      | HP: 8/52 [black bear (6)]
  3604 | D:4      | HP: 2/52 [black bear (3)]
  3685 | D:4      | Found a staircase to the Ecumenical Temple.
  3709 | Temple   | Entered the Ecumenical Temple
  3916 | Temple   | Reached skill level 6 in Fighting
  4101 | D:4      | Found a sparkling altar of Nemelex Xobeh.
  4101 | D:4      | Found a snail-covered altar of Cheibriados.
  4144 | D:4      | Killed Natasha
  4232 | D:4      | Noticed Natasha
  4244 | D:4      | Killed Natasha
  4245 | D:4      | Reached XP level 7. HP: 44/59 MP: 7/7
  4296 | D:4      | HP: 10/59 [ogre/+0 giant club (21)]
  4300 | D:4      | Slain by an ogre

Vanquished Creatures
  A wyvern (D:4)
  A black bear (Temple)
  A kobold brigand (D:4)
  A howler monkey (D:4)
  A hound (D:4)
  Natasha (thrice) (D:4)
  An adder (D:3)
  3 gnolls (D:4)
  2 worms
  2 orcs (D:4)
  8 endoplasms
  2 giant cockroaches (D:2)
  4 hobgoblins
  2 quokkas
  3 ball pythons (D:1)
  11 bats
  3 frilled lizards
  6 goblins
  7 kobolds
  5 rats
67 creatures vanquished.

Table legend:
 A = Non-vault XP
 B = Vault XP
 C = Vault XP percentage of total XP
 D = Non-vault monster count
 E = Vault monster count
 F = Vault count percentage of total count
                 A         B        C        D         E       F
            +---------+---------+-------+---------+---------+-------
      Total |     530 |     234 |  30.6 |      64 |       3 |   4.5
            +---------+---------+-------+---------+---------+-------
        D:1 |      31 |       0 |   0.0 |      20 |       0 |   0.0
        D:2 |      26 |       0 |   0.0 |      15 |       0 |   0.0
        D:3 |      32 |       0 |   0.0 |      12 |       0 |   0.0
        D:4 |     313 |     234 |  42.8 |      16 |       3 |  15.8
     Temple |     128 |       0 |   0.0 |       1 |       0 |   0.0
            +---------+---------+-------+---------+---------+-------

Illustrated notes

Table legend:
 A = Kills in this place as a percentage of kills in entire the game.
 B = Kills by you in this place as a percentage of kills by you in the entire game.
 C = Kills by friends in this place as a percentage of kills by friends in the entire game.
 D = Other kills in this place as a percentage of other kills in the entire game.
 E = Experience gained in this place as a percentage of experience gained in the entire game.
 F = Experience gained in this place divided by the number of levels of this place that you have seen.
                   A       B       C       D       E      F
               +-------+-------+-------+-------+-------+----------------------
         Total | 100.0 | 100.0 |   N/A |   N/A | 100.0 | 152.8
       Dungeon |  98.5 |  98.5 |   N/A |   N/A |  83.2 | 159.0
        Temple |   1.5 |   1.5 |   N/A |   N/A |  16.8 | 128.0
               +-------+-------+-------+-------+-------+----------------------

Table legend: (Time is in decaauts)
 A = Elapsed time spent in this place.
 B = Non-inter-level travel time spent in this place.
 C = Inter-level travel time spent in this place.
 D = Time resting spent in this place.
 E = Time spent auto-exploring this place.
 F = Levels seen in this place.
 G = Mean time per level.
                   A        B        C        D        E       F      G
               +--------+--------+--------+--------+--------+-----+--------+
         Total |   4345 |   4280 |     65 |    734 |   2856 |   5 |  869.0 |
       Dungeon |   3986 |   3927 |     59 |    424 |   2833 |   4 |  996.5 |
        Temple |    358 |    352 |      6 |    310 |     23 |   1 |  358.0 |
               +--------+--------+--------+--------+--------+-----+--------+

Top non-repeatable levels by time:
     D:3: 1202 daAuts
     D:4: 1072 daAuts
     D:1: 960 daAuts
     D:2: 752 daAuts
  Temple: 358 daAuts
